 Dungeon Crawl Stone Soup version 0.28-a0-577-gb193047a1f (webtiles) character file.

Game seed: 13276544884374237766

715 siradein the Ducker (level 7, -4/37 HPs)
             Began as a Vampire Gladiator on Oct 2, 2021.
             Slain by a gnoll (6 damage)
             ... on level 5 of the Dungeon.
             The game lasted 00:07:46 (5714 turns).

siradein the Ducker (Vampire Gladiator)             Turns: 5714, Time: 00:07:47

Health: -4/37      AC:  8    Str: 13 (14) XL:     7   Next: 41%
Magic:  7/7        EV: 14    Int: 11      God:
Gold:   264        SH:  0    Dex: 17 (19) Spells: 6/6 levels left

rFire   . . .      SeeInvis +   a - +0 long sword
rCold   + + .      Faith    .   (no shield)
rNeg    + + +      Spirit   .   b - +0 leather armour
rPois   ∞          Reflect  .   c - +0 helmet
rElec   .          Harm     .   (no cloak)
rCorr   .          Rampage  .   j - +2 pair of gloves {Dex+3}
Will    .....                   x - +0 pair of boots
Stlth   +++.......              (no amulet)
HPRegen 0.00/turn               (no ring)
MPRegen 0.10/turn               (no ring)

@: confused, bloodless, inhibited regen
A: bloodless, fangs 3, see invisible, vampiric 2, [frail 1]
a: Bat Form, Revivify


You were on level 5 of the Dungeon.
You visited 1 branch of the dungeon, and saw 5 of its levels.

You collected 264 gold pieces.

Inventory:

Hand Weapons
 a - a +0 long sword (weapon)
Missiles
 d - 2 throwing nets (quivered)
 h - 224 stones
 s - 58 sling bullets
Armour
 b - a +0 leather armour (worn)
 c - a +0 helmet (worn)
 j - a +2 pair of gloves of dexterity (worn)
 x - a +0 pair of boots (worn)
Jewellery
 p - an amulet of faith
Wands
 u - a wand of iceblast (16)
Scrolls
 e - 2 scrolls of amnesia {unknown}
 i - 2 scrolls of identify {unknown}
 k - a scroll of blinking {unknown}
 l - 2 scrolls of magic mapping {unknown}
 o - a scroll of noise {unknown}
 q - a scroll of brand weapon {unknown}
 r - a scroll of immolation {unknown}
 t - 2 scrolls of enchant armour {unknown}
 w - a scroll of vulnerability {unknown}
Potions
 f - a potion of cancellation {unknown}
 g - a potion of degeneration {unknown}
 m - a potion of brilliance {unknown}
 n - a potion of lignification {unknown}
 v - a potion of flight {unknown}
 z - a potion of might {unknown}


   Skills:
 + Level 4.1 Fighting
 + Level 5.0 Long Blades
 + Level 3.6 Throwing
 + Level 5.5 Dodging


You had 6 spell levels left.
You didn't know any spells.
Your spell library contained the following spells:

 Spells                   Type           Power      Damage    Failure   Level
 Stone Arrow              Conj/Erth      0%         3d7       80%         3
 Animate Armour           Summ/Erth      0%         N/A       99%         4
 Lehudib's Crystal Spear  Conj/Erth      0%         10d2      100%        8


Dungeon Overview and Level Annotations

Branches:
Dungeon (5/15)
 Temple: D:4-7

Altars:
Ashenzari
Cheibriados
Dithmenos
Gozag
Hepliaklqana
Sif Muna
Trog
Vehumet
Wu Jian


Innate Abilities, Weirdness & Mutations

You do not regenerate when monsters are visible.
You are frail without blood (-20% HP).
You can heal yourself when you bite living creatures.
You are immune to poison.
You have razor-sharp teeth.
You have supernaturally acute eyesight. (SInv)
You are afflicted with vampirism and can become a bat while bloodless.
[You are frail. (-10% HP)]


Message History

You are too injured to fight recklessly!
You hit the gnoll shaman but do no damage.
The gnoll shaman is moderately wounded.
The gnoll shaman calls upon its god to heal the gnoll.
The gnoll's wounds heal themselves!
You hit the gnoll shaman.
The gnoll shaman is heavily wounded.
The gnoll shaman hits you with a +0 club.
You slash the gnoll shaman!
You kill the gnoll shaman!
The gnoll closely misses you.
You hit the gnoll.
The gnoll is lightly wounded.
The gnoll zaps a wand.
You easily resist.
The gnoll closely misses you.
The gnoll zaps a wand.
You easily resist.
The gnoll zaps a wand.
Your will is overpowered!
You are confused.
The gnoll hits you but does no damage. The gnoll barely misses you.
You miss the gnoll. The gnoll hits you with a +0 flail.
* * * LOW HITPOINT WARNING * * *
You bump into the rock wall.
The gnoll hits you but does no damage. The gnoll closely misses you.
The gnoll zaps a wand.
Your will is overpowered!
You are more confused.
The gnoll barely misses you.
You miss the gnoll. You bite the gnoll.
You draw the gnoll's blood!
You feel better.
The gnoll is lightly wounded.
The gnoll hits you but does no damage. The gnoll completely misses you.
The gnoll misses you. The gnoll hits you but does no damage.
The gnoll hits you with a +0 flail.
* * * LOW HITPOINT WARNING * * *
You bump into the rock wall.
The gnoll closely misses you. The gnoll hits you with a +0 flail.
* * * LOW HITPOINT WARNING * * *
The gnoll zaps a wand.
You easily resist.
The gnoll misses you. The gnoll hits you but does no damage.
The gnoll zaps a wand.
You easily resist.
You bump into the rock wall.
The gnoll hits you with a +0 whip.
You die...

##.####..............
#).# ###...##...?# #g##
#...# #...# ##g# ##.##
...# ### #..# ##.# .##
#.####.## #..# .
##......## ##.##
#..###..### #..# #..#
##.g@###..## ##.##
##gg......## #..#
##...##...##### #.##
#..#####...#.# ####
##..# ##....# #.#
##..## ##..##
#.#####....## #..###
#.##........## ##....#
##....####...####.....#


You could see 3 gnolls.

Vanquished Creatures
  Sigmund (D:3)
  An ogre (D:4)
  A scorpion (D:4)
  A vampire bat (D:4)
  A hound (D:3)
  An orc priest (D:4)
  A gnoll shaman (D:5)
  A jelly (D:4)
  A bullfrog skeleton (D:5)
  An iguana (D:5)
  4 adders
  2 gnolls (D:5)
  A white imp (D:5)
  2 worms
  A dart slug (D:2)
  3 fire bats (D:4)
  8 orcs
  2 spectral bats (D:4)
  13 bats
  3 bat skeletons (D:4)
  A bat zombie (D:4)
  6 endoplasms
  2 giant cockroaches
  4 hobgoblins
  4 jackals (D:2)
  3 kobolds
  3 quokkas
  7 ball pythons
  A bat simulacrum (D:4)
  5 frilled lizards
  3 goblins
  A rat (D:1)
89 creatures vanquished.

Notes
Turn   | Place    | Note
-------+----------+-------------------------------------------
     0 | D:1      | siradein the Vampire Gladiator began the quest for the Orb.
     0 | D:1      | Reached XP level 1. HP: 16/16 MP: 1/1
   417 | D:1      | Reached XP level 2. HP: 15/17 MP: 2/2
   891 | D:2      | Gained mutation: You are afflicted with vampirism and can
                  | become a bat while bloodless. [Vampire growth]
   891 | D:2      | Reached XP level 3. HP: 21/21 MP: 3/3
  1705 | D:3      | Found a shimmering blue altar of Sif Muna.
  1990 | D:3      | Found an opulent altar of Gozag.
  2063 | D:3      | Reached XP level 4. HP: 23/27 MP: 4/4
  2154 | D:3      | Found a faded altar of an unknown god.
  2237 | D:3      | Noticed Sigmund
  2245 | D:3      | Killed Sigmund
  2246 | D:3      | Reached XP level 5. HP: 20/32 MP: 5/5
  2649 | D:3      | Found a snail-covered altar of Cheibriados.
  2685 | D:3      | Found a hazy altar of Hepliaklqana.
  2771 | D:4      | Found a radiant altar of Vehumet.
  2928 | D:4      | Reached XP level 6. HP: 36/37 MP: 6/6
  3416 | D:4      | Found a bloodstained altar of Trog.
  3416 | D:4      | Found a shadowy altar of Dithmenos.
  3418 | D:4      | Found an ornate altar of the Wu Jian Council.
  3463 | D:4      | Found a broken altar of Ashenzari.
  4085 | D:4      | Reached skill level 5 in Dodging
  4315 | D:5      | Entered Level 5 of the Dungeon
  4521 | D:4      | Reached XP level 7. HP: 29/37 MP: 7/7
  5630 | D:5      | Reached skill level 5 in Long Blades
  5714 | D:5      | Slain by a gnoll

Illustrated notes

Levels and vault maps discovered:
D:1:      dpeg_arrival_brainrot, layout_rooms
D:2:      layout_loops_ring
D:3:      layout_basic, mainiacjoe_overflow_24_doors,
          mainiacjoe_overflow_big_doors, nicolae_gozag_seed_capital,
          shapermc_ecumenical_altar_hornbeckon, uniq_sigmund
D:4:      layout_basic, overflow_temple_1_default,
          nicolae_overflow_hidden_temple, mainiacjoe_overflow_tiny_flanked,
          goddamned_bats
D:5:      layout_layer_cave

Skill      XL: |  1  2  3  4  5  6  7 |
---------------+----------------------+-----
Fighting       | 2 3 4 |  4.1
Throwing       | 2 3 |  3.6
Dodging        | 4 5 |  5.5
Long Blades    | 4 5 |  5.0

Action                   |  1- 3 |  4- 6 |  7- 9 || total
-------------------------+-------+-------+-------++-------
Melee: Long sword        |    89 |   136 |    57 ||   282
       Bite              |     4 |     8 |    12 ||    24
Throw: Throwing net      |       |       |     1 ||     1
 Abil: Exsanguinate      |     1 |     1 |       ||     2
       End Transformatio |     1 |     1 |       ||     2
       Bat Form          |     1 |     1 |       ||     2
       Revivify          |       |     1 |       ||     1
Evoke: Wand              |       |     1 |       ||     1
 Stab: Sleeping          |     8 |    10 |       ||    18
Armor: Leather armour    |    29 |    72 |    26 ||   127
Dodge: Dodged            |    61 |   184 |    56 ||   301

Table legend: (Time is in decaauts)
 A = Elapsed time spent in this place.
 B = Non-inter-level travel time spent in this place.
 C = Inter-level travel time spent in this place.
 D = Time resting spent in this place.
 E = Time spent auto-exploring this place.
 F = Levels seen in this place.
 G = Mean time per level.
                   A        B        C        D        E       F      G
               +--------+--------+--------+--------+--------+-----+--------+
         Total |   5736 |   5547 |    189 |    558 |   3823 |   5 | 1147.2 |
       Dungeon |   5736 |   5547 |    189 |    558 |   3823 |   5 | 1147.2 |
               +--------+--------+--------+--------+--------+-----+--------+

Top non-repeatable levels by time:
     D:4: 2090 daAuts
     D:3: 1167 daAuts
     D:2: 887 daAuts
     D:5: 874 daAuts
     D:1: 716 daAuts
